 Seeded DCSS version 0.29-a0-398-ge13fd1374b (webtiles) character file.

Game seed: 1 (custom seed)

9261 Kazon the Basher (level 11, -2/106 HPs)
             Began as a Gargoyle Berserker on May 11, 2022.
             Was a High Priest of Trog.
             Slain by a wight
             ... wielding a +4 flail
              (3 damage)
             ... on level 9 of the Dungeon on May 12, 2022.
             The game lasted 00:49:28 (8402 turns).

Kazon the Basher (Gargoyle Berserker)               Turns: 8402, Time: 00:49:29

Health: -2/106     AC: 17    Str: 23    XL:     11   Next: 43%
Magic:  11/11      EV: 13    Int: 14    God:    Trog [*****.]
Gold:   416        SH:  4    Dex: 11    Spells: 10/10 levels left

rFire   . . .      SeeInvis .   q - +0 mace (venom)
rCold   . . .      Faith    .   c - +0 buckler
rNeg    + . .      Spirit   .   Q - +0 steam dragon scales
rPois   ∞          Reflect  .   (no helmet)
rElec   +          Harm     .   I - +0 cloak
rCorr   .          Rampage  .   r - +0 pair of gloves
Will    ++...                   k - +0 pair of boots
Stlth   ..........              (no amulet)
HPRegen 1.27/turn               A - +4 ring of slaying
MPRegen 0.12/turn               P - +6 ring of intelligence

@: berserking (expiring), strong-willed, regenerating, studying Long Blades,
very quick
A: sickness immunity, AC +8, negative energy resistance 1, electricity
resistance, torment resistance 1, petrification resistance
a: Renounce Religion, Berserk, Trog's Hand, Brothers in Arms


You were on level 9 of the Dungeon.
You worshipped Trog.
Trog was extremely pleased with you.
You visited 1 branch of the dungeon, and saw 9 of its levels.
You also visited: Sewer.

You collected 416 gold pieces.

Inventory:

Hand Weapons
 a - a +0 long sword
 p - a +2 flail of protection
 q - a +0 mace of venom (weapon)
Missiles
 e - 110 poisoned darts
 f - 4 curare-tipped darts (quivered)
 N - a boomerang
Armour
 c - a +0 buckler (worn)
 k - a +0 pair of boots (worn)
 r - a +0 pair of gloves (worn)
 u - a +2 robe of fire resistance
 I - a +0 cloak (worn)
 O - a +0 plate armour
 Q - +0 steam dragon scales (worn)
Jewellery
 A - a +4 ring of slaying (left hand)
 P - a +6 ring of intelligence (right hand)
Wands
 b - a wand of mindburst (24)
 t - a wand of iceblast (29)
 G - a wand of flame (21)
 H - a wand of charming (4)
Scrolls
 d - a scroll of identify
 h - 3 scrolls of immolation {unknown}
 i - 2 scrolls of fear {unknown}
 j - 2 scrolls of noise {unknown}
 l - 4 scrolls of poison
 m - 9 scrolls of teleportation
 o - a scroll of fog {unknown}
 v - a scroll of silence {unknown}
 w - a scroll of enchant weapon {unknown}
 x - 2 scrolls of blinking {unknown}
 y - 2 scrolls of vulnerability {unknown}
 D - a scroll of summoning {unknown}
 L - 2 scrolls of enchant armour {unknown}
Potions
 g - a potion of lignification
 n - 5 potions of heal wounds
 s - 3 potions of curing
 z - 4 potions of haste {unknown}
 B - 3 potions of flight {unknown}
 C - 2 potions of might {unknown}
 E - 2 potions of magic {unknown}
 F - 3 potions of ambrosia {unknown}
 M - a potion of resistance {unknown}
Miscellaneous
 K - a condenser vane


   Skills:
 * Level 9.4 Fighting
 + Level 1.2 Long Blades
 + Level 9.6 Maces & Flails
 + Level 5.1 Throwing
 + Level 4.7 Armour
 + Level 5.1 Dodging
 + Level 4.4 Stealth
 + Level 3.7 Shields
 * Level 6.3 Evocations


You had 10 spell levels left.
You didn't know any spells.
Your spell library was empty.

Dungeon Overview and Level Annotations

Branches:
Dungeon (9/15)             Temple (0/1) D:7           Sewer (visited)
   Lair: D:8-11         Orc: D:9-12

Altars:
Okawaru
Ru
Zin
The Shining One


Innate Abilities, Weirdness & Mutations

You are immune to sickness and miasma.
Your stone body is resilient. (AC +8)
You are immune to poison.
You resist negative energy. (rN+)
You are resistant to electric shocks. (rElec)
You are resistant to unholy torment.
You are immune to petrification.


Message History

Maggie is severely wounded.
The killer bee stings you.
* * * LOW HITPOINT WARNING * * *
Unknown command.
You sock Maggie!
Maggie looks as sick as possible!
Maggie is almost dead.
The killer bee stings you.
* * * LOW HITPOINT WARNING * * *
Maggie gestures wildly while chanting.
The wight hits you but does no damage.
The killer bee stings you but does no damage.
You sock Maggie!
You kill Maggie!
Trog accepts your kill.
Trog appreciates your killing of a magic user.
The killer bee stings you but does no damage.
You block the wight's attack.
Unknown command.
You miss the killer bee.
The killer bee is severely wounded.
The killer bee stings you but does no damage.
You miss the killer bee.
The killer bee is severely wounded.
The killer bee misses you. The wight barely misses you.
The killer bee barely misses you.
Unknown command.
You hit the killer bee.
You kill the killer bee!
Trog accepts your kill. The wight closely misses you.
You barely miss the wight. You barely miss the wight.
The wight hits you from afar with a +0 halberd.
* * * LOW HITPOINT WARNING * * *
The wight hits you but does no damage.
You barely miss the wight.
The wight hits you from afar with a +0 halberd.
* * * LOW HITPOINT WARNING * * *
The wight hits you with a +4 flail.
You die...

#.....†.... ###.<.##....#
.............
..#########################'#####
..#...........##.......(....#...#
..#.........>.##..........!.#...#
#.#.......>...##............#...'
#.#..)........##.)..........#...#
..##...###'#####@###...##########
...)...# #....##z###..)#.......##
...#.....#....#.zz#....#.......#.
...#.....#....#...#....#.......#.
#..#.....'....#...+....#.......#.
...#######....#..##.[..#.......'.
........#####'#..##....#.......#.
.....##.#.....'........#.#####.##
#.......#.....#....z...#......)#.


You could see 3 wights.

Vanquished Creatures
  2 two-headed ogres
  A deep elf pyromancer (D:9)
  Maggie (D:9)
  2 hornets (D:9)
  3 wyverns
  2 basilisks (D:9)
  A wraith (D:9)
  6 yaks (D:9)
  Eustachio (D:5)
  2 steam dragons
  A water moccasin (D:5)
  2 orc warriors
  3 sky beasts
  2 ice beasts (D:5)
  2 black bears
  3 ogres (D:5)
  5 centaurs
  13 kobold brigands
  A necrophage (D:5)
  4 bullfrogs
  3 gnoll sergeants (D:9)
  5 scorpions
  A water moccasin zombie (D:5)
  A wyvern skeleton (D:5)
  6 killer bees
  4 howler monkeys
  A bullfrog zombie (D:5)
  4 hounds (D:5)
  A gnoll shaman (D:7)
  3 orc priests
  2 bullfrog skeletons (D:5)
  Ijyb (D:3)
  6 iguanas
  7 orc wizards
  2 hound zombies (D:5)
  A hound skeleton (D:5)
  14 gnolls
  A howler monkey skeleton (D:5)
  A river rat (Sewer)
  9 adders
  A shadow imp (D:7)
  A howler monkey simulacrum (D:9)
  An ufetubus (D:6)
  An adder zombie (D:5)
  2 worms (D:5)
  A dart slug (D:1)
  23 orcs
  11 endoplasms
  5 giant cockroaches
  7 goblins
  4 hobgoblins
  8 jackals
  3 quokkas
  15 ball pythons
  8 bats
  7 frilled lizards
  25 kobolds
  10 rats
263 creatures vanquished.

Vanquished Creatures (others)
  3 kobolds (D:9)
  10 fungi (D:6)
  16 plants
  4 toadstools (D:6)
33 creatures vanquished.

Grand Total: 296 creatures vanquished

Notes
Turn   | Place    | Note
-------+----------+-------------------------------------------
     0 | D:1      | Kazon the Gargoyle Berserker began the quest for the Orb.
     0 | D:1      | Reached XP level 1. HP: 14/14 MP: 1/1
   199 | D:1      | Reached XP level 2. HP: 19/19 MP: 2/2
   610 | D:1      | Reached skill level 1 in Stealth
   610 | D:1      | Reached XP level 3. HP: 10/24 MP: 3/3
   920 | D:1      | Reached ** piety under Trog
  1150 | D:2      | Found a sacrificial altar of Ru.
  1406 | D:2      | Reached XP level 4. HP: 25/29 MP: 4/4
  1418 | D:2      | You fall into a shaft and drop 1 floor!
  1471 | D:3      | Noticed Ijyb
  1481 | D:3      | Killed Ijyb
  1775 | D:3      | Reached XP level 5. HP: 33/33 MP: 5/5
  2703 | D:4      | Noticed a black bear
  2712 | D:4      | Killed a black bear
  2712 | D:4      | Reached *** piety under Trog
  2713 | D:4      | Reached skill level 1 in Throwing
  2713 | D:4      | Reached skill level 1 in Evocations
  2713 | D:4      | Reached XP level 6. HP: 33/38 MP: 6/6
  2855 | D:4      | Found an iron altar of Okawaru.
  3079 | D:5      | Entered Level 5 of the Dungeon
  3212 | D:5      | Noticed a wyvern
  3221 | D:5      | Killed a wyvern
  3222 | D:5      | Reached XP level 7. HP: 32/44 MP: 7/7
  3238 | D:5      | Reached skill level 5 in Maces & Flails
  3288 | D:5      | Reached skill level 5 in Fighting
  3435 | D:5      | Found a glowing drain.
  3444 | Sewer    | Entered a sewer
  3478 | Sewer    | Reached XP level 8. HP: 34/49 MP: 8/8
  3509 | Sewer    | Reached skill level 1 in Shields
  4253 | D:5      | Upgraded the game from 0.29-a0-397-g846e4a0bbc to
                  | 0.29-a0-398-ge13fd1374b
  4258 | D:5      | Noticed Eustachio
  4271 | D:5      | Killed Eustachio
  4507 | D:5      | Reached XP level 9. HP: 41/56 MP: 9/9
  4761 | D:5      | Reached **** piety under Trog
  4804 | D:5      | Reached skill level 1 in Long Blades
  6074 | D:7      | Found a staircase to the Ecumenical Temple.
  6113 | D:7      | Reached XP level 10. HP: 53/64 MP: 10/10
  6515 | D:8      | Reached skill level 5 in Evocations
  6581 | D:8      | Reached ***** piety under Trog
  6733 | D:8      | Noticed a two-headed ogre
  6741 | D:8      | Killed a two-headed ogre
  7051 | D:8      | Found a glowing golden altar of the Shining One.
  7051 | D:8      | Found a glowing silver altar of Zin.
  7055 | D:8      | Found a sacrificial altar of Ru.
  7250 | D:9      | Noticed a two-headed ogre
  7275 | D:9      | Killed a two-headed ogre
  7407 | D:9      | Noticed a deep elf pyromancer
  7430 | D:9      | Killed a deep elf pyromancer
  7431 | D:9      | Reached XP level 11. HP: 31/69 MP: 11/11
  7811 | D:9      | Reached skill level 5 in Dodging
  8256 | D:9      | Reached skill level 5 in Throwing
  8356 | D:9      | Noticed Maggie
  8395 | D:9      | HP: 4/106 [killer bee (5)]
  8396 | D:9      | Killed Maggie
  8402 | D:9      | HP: 1/106 [wight/+0 halberd (6)]
  8402 | D:9      | Slain by a wight

Illustrated notes

Levels and vault maps discovered:
D:1:      onia_arrival_mini_spirals, layout_basic, minmay_unequal
D:2:      layout_loops_cross, basic_altar, kennysheep_generic_room_6
D:3:      layout_basic, lemuel_another_geyser, uniq_ijyb
D:4:      layout_gridville, okawaru_ov_weapons_minmay, chequers_big_river
D:5:      layout_cave_pods, serial_undead, serial_undead_a, serial_undead_c,
          serial_undead_a, serial_undead_f, portal_sewer_entry_e,
          minmay_manual_monstrance, uniq_eustachio
D:6:      cheibrodos_fertilizer, layout_loops_cross
D:7:      nicolae_cairo_tiling_large, layout_gridville, minmay_temple_entry_mist
D:8:      layout_basic, minitemple, grunt_decor_arrowhead, minivault_21
D:9:      layout_stronghold, minmay_strange_pillars, minmay_pinched_square,
          uniq_maggie

Skill      XL: |  1  2  3  4  5  6  7  8  9 10 11 |
---------------+----------------------------------+-----
Stealth        | 1 2 3 4 |  4.4
Dodging        | 2 3 4 5 |  5.1
Maces & Flails | 4 5 6 7 9 |  9.6
Fighting       | 4 5 6 7 8 9 |  9.4
Throwing       | 1 2 4 5 |  5.1
Evocations     | 1 2 3 4 5 6 |  6.3
Shields        | 1 2 3 |  3.7
Long Blades    | 1 |  1.2
Armour         | 4 |  4.7

Action                   |  1- 3 |  4- 6 |  7- 9 | 10-12 || total
-------------------------+-------+-------+-------+-------++-------
Melee: Mace              |   102 |    76 |   340 |   205 ||   723
       Long sword        |       |       |     9 |       ||     9
       Flail             |       |       |       |    85 ||    85
Throw: Stone             |    33 |    24 |    41 |       ||    98
       Dart              |       |     9 |    56 |    51 ||   116
       Boomerang         |       |       |       |     5 ||     5
Invok: Berserk           |       |       |     3 |     3 ||     6
       Trog's Hand       |       |       |     1 |     3 ||     4
Evoke: Wand              |       |       |     3 |     2 ||     5
  Use: Scroll            |       |     3 |     1 |     4 ||     8
       Potion            |       |       |       |     1 ||     1
 Stab: Sleeping          |     4 |     3 |     5 |     1 ||    13
       Distracted        |       |       |     1 |       ||     1
Armor: Animal skin       |    43 |    38 |    97 |       ||   178
       Scale mail        |       |       |    19 |    59 ||    78
       Steam dragon scal |       |       |       |   103 ||   103
       Plate armour      |       |       |       |    19 ||    19
Dodge: Dodged            |    80 |    41 |   159 |   202 ||   482
Block: Buckler           |    11 |     7 |    60 |    74 ||   152

Table legend: (Time is in decaauts)
 A = Elapsed time spent in this place.
 B = Non-inter-level travel time spent in this place.
 C = Inter-level travel time spent in this place.
 D = Time resting spent in this place.
 E = Time spent auto-exploring this place.
 F = Levels seen in this place.
 G = Mean time per level.
                   A        B        C        D        E       F      G
               +--------+--------+--------+--------+--------+-----+--------+
         Total |   8651 |   8448 |    203 |     89 |   2252 |  10 |  865.1 |
       Dungeon |   7881 |   7678 |    203 |     47 |   2012 |   9 |  875.7 |
         Sewer |    770 |    770 |      0 |     42 |    240 |   1 |  770.0 |
               +--------+--------+--------+--------+--------+-----+--------+

Top non-repeatable levels by time:
     D:9: 1249 daAuts
     D:5: 1181 daAuts
     D:1: 1018 daAuts
     D:6: 933 daAuts
     D:4: 808 daAuts
   Sewer: 770 daAuts
     D:8: 702 daAuts
     D:2: 684 daAuts
     D:3: 664 daAuts
     D:7: 639 daAuts
